 Dungeon Crawl Stone Soup version 0.29.1-12-g30fa7ad0bf (webtiles) character file.

Game seed: 5862042777838942580

39 concernfroge the Grave Robber (level 3, -2/24 HPs)
             Began as a Demonspawn Necromancer on Jan 9, 2023.
             Slain by a gnoll
             ... wielding a +0 halberd
              (13 damage)
             ... on level 2 of the Dungeon.
             The game lasted 00:03:04 (1207 turns).

concernfroge the Grave Robber (DsNe)                Turns: 1207, Time: 00:03:04

Health: -2/24      AC:  2    Str:  8    XL:     3   Next: 26%
Magic:  5/8        EV: 12    Int: 18    God:
Gold:   113        SH:  0    Dex: 13    Spells: 8/9 levels left

rFire   . . .      SeeInvis .   c - +0 mace
rCold   . . .      Faith    .   (no shield)
rNeg    . . .      Spirit   .   a - +0 robe
rPois   .          Reflect  .   (no helmet)
rElec   .          Harm     .   (no cloak)
rCorr   .          Rampage  .   (no gloves)
Will    .....                   (no boots)
Stlth   ++........              (no amulet)
HPRegen 0.08/turn               (no ring)
MPRegen 0.11/turn               (no ring)

@: no status effects
A: hooves 1
a: no special abilities


You were on level 2 of the Dungeon.
You visited 1 branch of the dungeon, and saw 2 of its levels.

You collected 113 gold pieces.

Inventory:

Hand Weapons
 c - a +0 mace (weapon)
Armour
 a - a +0 robe (worn)
Jewellery
 g - a +4 ring of protection
Scrolls
 d - 5 scrolls of identify {unknown}
 e - 3 scrolls of teleportation {unknown}
 i - a scroll of enchant weapon {unknown}
Potions
 b - a potion of magic
 f - a potion of attraction {unknown}
 h - a potion of curing {unknown}


   Skills:
 - Level 1.7 Dodging
 - Level 1.7 Stealth
 + Level 3.5 Spellcasting
 - Level 4.3 Necromancy


You had 8 spell levels left.
You knew the following spells:

 Your Spells              Type           Power      Damage    Failure   Level
a - Necrotise             Necr           72%        1d7       2%          1

Your spell library contained the following spells:

 Spells                   Type           Power      Damage    Failure   Level
 Vampiric Draining        Necr           18%        2d7       8%          3
 Animate Dead             Necr           18%        N/A       26%         4
 Agony                    Necr           18%        N/A       56%         5


Dungeon Overview and Level Annotations

Branches:
Dungeon (2/15)

Altars:


Innate Abilities, Weirdness & Mutations

You have large cloven feet.


Message History

Press: ? - help, Shift-Dir - straight line, f - gnoll
Aim: a gnoll, wielding a +0 spear (chance to affect: 83%)
The gnoll writhes in agony.
Casting: Necrotise (safe; 2% risk of failure)
Confirm with . or Enter, or press ? or * to list all spells.
Aiming: Necrotise (safe; 2% risk of failure)
Press: ? - help, Shift-Dir - straight line, f/p - gnoll
Aim: a gnoll, wielding a +0 spear (lightly wounded, chance to affect: 83%)
The gnoll barely resists.
Casting: Necrotise (safe; 2% risk of failure)
Confirm with . or Enter, or press ? or * to list all spells.
Aiming: Necrotise (safe; 2% risk of failure)
Press: ? - help, Shift-Dir - straight line, f/p - gnoll
Aim: a gnoll, wielding a +0 spear (lightly wounded, chance to affect: 83%)
The gnoll writhes in agony.
The gnoll closely misses you.
Casting: Necrotise (safe; 2% risk of failure)
Confirm with . or Enter, or press ? or * to list all spells.
Aiming: Necrotise (safe; 2% risk of failure)
Press: ? - help, Shift-Dir - straight line, f/p - gnoll
Aim: a gnoll, wielding a +0 spear (moderately wounded, chance to affect: 83%)
The gnoll writhes in agony.
The gnoll hits you from afar with a +0 spear.
Casting: Necrotise (safe; 2% risk of failure)
Confirm with . or Enter, or press ? or * to list all spells.
Aiming: Necrotise (safe; 2% risk of failure)
Press: ? - help, Shift-Dir - straight line, f/p - gnoll
Aim: a gnoll, wielding a +0 spear (heavily wounded, chance to affect: 83%)
The gnoll writhes in agony!
You kill the gnoll!
Casting: Necrotise (safe; 2% risk of failure)
Confirm with . or Enter, or press ? or * to list all spells.
Aiming: Necrotise (safe; 2% risk of failure)
Press: ? - help, Shift-Dir - straight line, f - gnoll
Aim: a gnoll, wielding a +0 halberd (chance to affect: 83%)
The gnoll writhes in agony.
The gnoll hits you from afar with a +0 halberd!
There is a stone staircase leading up here.
The gnoll hits you from afar with a +0 halberd!
Ouch! That really hurt!
You die...

.>. ... #.# .#
#...##..#.# #.#
.#.#.#.##..#.# #.#
.#.#.#.##..#.# #.#
.#.........#.###.#
.###............@#
.....#.#...#.###.#
...........#.###g#
.............g.g.#
#####..#.#.#.#####
#..#.#.#.#
#..#g#.#.#
#..#...#.#
#........#


You could see 2 gnolls.

Vanquished Creatures
  A gnoll (D:2)
  A dart slug (D:1)
  An endoplasm (D:1)
  A giant cockroach (D:1)
  3 hobgoblins (D:1)
  A quokka (D:1)
  6 ball pythons (D:1)
  5 bats (D:1)
  2 goblins (D:1)
  A kobold (D:1)
  5 rats (D:1)
27 creatures vanquished.

Notes
Turn   | Place    | Note
-------+----------+-------------------------------------------
     0 | D:1      | concernfroge the Demonspawn Necromancer began the quest for
                  | the Orb.
     0 | D:1      | Reached XP level 1. HP: 13/13 MP: 3/3
   335 | D:1      | Discovered your monstrous ancestry.
   335 | D:1      | Gained mutation: You have large cloven feet. [demonic
                  | ancestry]
   335 | D:1      | Reached XP level 2. HP: 19/19 MP: 1/5
   875 | D:1      | Found a faded altar of an unknown god.
   932 | D:1      | Reached XP level 3. HP: 24/24 MP: 5/7
  1207 | D:2      | Slain by a gnoll

Illustrated notes

Levels and vault maps discovered:
D:1:      lemuel_arrival_behind_the_door_large, layout_basic,
          nicolae_ecumenical_snake_handling, st_stairs_13, minmay_pentomino_q4
D:2:      layout_basic, basic_altar

Skill      XL: |  1  2 |
---------------+-------+-----
Spellcasting   | 3 |  3.5
Dodging        | |  1.7
Stealth        | |  1.7
Necromancy     | |  4.3

Action                   || total
-------------------------++-------
Melee: Mace              ||     1
 Cast: Necrotise         ||    39
Armor: Robe              ||     1
Dodge: Dodged            ||     3
